Map: Simulacrum LE

Players

prospeKt

  • Race: Zerg Zerg
  • League: Platinum
  • Spawn Location: 11:00

Farrukitito - Winner!

  • Race: Terran Terran
  • League: Diamond
  • Spawn Location: 5:00

VOD

Have the link to the VOD?

Description

Time

  • Played on: June 9, 2020, 4:40 a.m.
  • Length: 9:44
Show
View Real Time Build Order
Export as new Build Order

prospeKt Zerg 

Build Orders: Hatch First 

Get SALT Encoding   

  12  0:00  Drone  
  13  0:12  Overlord  
  13  0:16  Drone  
  14  0:32  Drone x2  
  14  0:34  Drone  
  17  0:53  Hatchery  
  17  0:55  Drone  
  17  0:58  Drone  
  18  1:08  Drone  
  19  1:16  Spawning Pool  
  19  1:18  Drone  
  19  1:28  Drone  
  19  1:30  Extractor  
  19  1:38  Drone  
  20  1:49  Drone  
  21  2:00  Overlord  
  21  2:09  Queen x2, Drone  
  21  2:12  Drone  
  27  2:28  Drone x3  
  30  2:32  Spine Crawler  
  29  2:40  Overlord, Drone  
  30  2:44  Drone  
  30  2:47  Queen  
  30  2:49  Lair  
  30  2:50  Drone  
  34  2:57  Drone  
  35  3:01  Zergling x2  
  35  3:05  Zergling x2  
  37  3:11  Drone  
  38  3:19  Drone x2  
  42  3:20  Drone x2  
  42  3:21  Drone  
  42  3:24  Hatchery, Drone  
  43  3:43  Overlord x2  
  43  3:45  Drone  
  44  3:51  Roach Warren  
  44  3:52  Extractor x2  
  41  3:58  Drone x3  
  44  4:09  Drone x3  
  47  4:22  Drone x4  
  47  4:23  Drone x2  
  53  4:29  Evolution Chamber  
  53  4:30  Drone x3  
  53  4:31  Drone  
  56  4:37  Roach  
  58  4:45  Roach x2  
  62  4:50  Roach  
  62  4:51  Roach  
  66  5:02  Overlord x2  
  66  5:03  Overlord  
  62  5:11  Roach  
  62  5:12  Roach x2  
  65  5:16  Overlord x2  
  65  5:19  Roach x4  
  65  5:20  Roach  
  66  5:26  Roach x3  
  66  5:28  Lair  
  59  5:50  Roach x5  
  59  5:56  Extractor  
  68  5:58  Extractor  
  67  6:10  Spawning Pool  
  66  6:14  Roach x5  
  76  6:31  Roach x5  
  86  6:43  Drone  
  86  6:44  Drone x4  
  86  6:47  Glial Reconstitution  
  91  6:48  Zerg Missile Weapons Level 1  
  66  7:18  Roach x4  
  66  7:19  Roach x4  
  66  7:20  Hatchery  
  50  7:30  Roach  
  50  7:31  Roach x4  
  55  7:46  Hatchery  
  55  7:50  Roach  
  55  7:51  Roach x5  
  62  8:19  Spawning Pool  
  61  8:30  Extractor x2  
  59  8:35  Drone x6  
  59  8:36  Drone x4  
  69  8:48  Drone  
  69  8:49  Drone x2  
  72  9:09  Roach x8  
Show
View Real Time Build Order
Export as new Build Order

Farrukitito Terran - Winner!

Build Orders: 1/1/1 

Get SALT Encoding   

  12  0:05  SCV  
  13  0:18  SCV  
  13  0:20  Supply Depot  
  14  0:30  SCV  
  15  0:42  SCV  
  16  0:45  Barracks  
  16  0:54  SCV, Refinery  
  17  1:01  Refinery  
  17  1:06  SCV  
  18  1:18  SCV  
  19  1:30  SCV  
  20  1:41  Factory  
  20  1:42  SCV  
  20  1:45  Barracks Tech Lab  
  21  1:53  Supply Depot  
  21  1:54  SCV  
  22  2:06  SCV  
  23  2:11  Barracks Reactor  
  23  2:19  SCV  
  24  2:27  Starport  
  24  2:32  Orbital Command  
  24  2:38  Siege Tank  
  24  2:44  Supply Depot  
  27  2:49  Marine x2  
  29  3:08  Marine x2  
  29  3:09  Supply Depot  
  31  3:12  Medivac  
  31  3:17  Siege Tank  
  36  3:24  SCV  
  36  3:26  Marine x2  
  39  3:37  SCV  
  40  3:42  Medivac  
  40  3:44  Marine x2  
  44  3:54  Cyclone  
  47  4:10  Command Center  
  47  4:12  Supply Depot  
  47  4:34  Marine x2  
  47  4:36  Siege Tank  
  52  4:41  Supply Depot  
  52  4:45  Starport Reactor  
  52  4:51  Marine x2  
  54  5:05  Engineering Bay  
  51  5:09  Marine x2  
  51  5:11  Siege Tank  
  55  5:27  Marine x2  
  57  5:30  Medivac x2  
  61  5:38  SCV  
  60  5:45  Marine x2  
  61  5:50  SCV  
  61  5:52  Siege Tank  
  65  6:01  Supply Depot  
  65  6:02  SCV  
  65  6:03  Marine x2  
  67  6:12  SCV  
  67  6:15  SCV  
  69  6:20  Marine x2  
  69  6:24  SCV, Terran Infantry Weapons Level 1  
  72  6:27  SCV  
  72  6:30  Engineering Bay  
  73  6:36  SCV, Barracks  
  73  6:38  Marine  
  75  6:42  Refinery  
  75  6:43  Refinery  
  75  6:48  SCV  
  76  7:00  SCV  
  74  7:03  Marine x2  
  74  7:05  Siege Tank  
  73  7:12  Medivac  
  75  7:21  Marine x2  
  72  7:37  Barracks Tech Lab, Siege Tank  
  72  7:39  Marine x2  
  72  7:40  Armory  
  72  7:41  Terran Infantry Armor Level 1  
  75  7:44  Barracks  
  70  7:55  SCV  
  70  7:56  SCV  
  70  7:57  Marine  
  69  8:07  SCV  
  69  8:08  SCV  
  69  8:10  Marine x2  
  69  8:11  Siege Tank  
  69  8:12  Liberator  
  76  8:14  Marine  
  76  8:19  SCV  
  81  8:20  SCV  
  82  8:27  Marine  
  82  8:28  Marine  
  82  8:31  SCV  
  82  8:32  SCV  
  82  8:33  Barracks Reactor  
  86  8:38  Command Center  
  86  8:39  Supply Depot  
  86  8:44  Supply Depot  
  86  8:47  Orbital Command  
  86  9:01  SCV  
  87  9:04  Marine x3  
  87  9:06  Siege Tank  
  93  9:22  Marine x3  
Tags
 
Add a new tag
Caveats
  • Supply blocks, unpowered buildings, or Contaminate may cause inaccurate times.
  • Supply counts are checked every 10 seconds.